 Dungeon Crawl Stone Soup version 0.29.1-15-g9cfb28693d (webtiles) character file.

Game seed: 10456029493479080956

130 kingofthe the Sneak (level 5, 0/28 HPs)
             Began as a Kobold Enchanter on Mar 12, 2023.
             Slain by an orc
             ... wielding a +0 trident
              (6 damage)
             ... on level 3 of the Dungeon.
             The game lasted 00:04:23 (2279 turns).

kingofthe the Sneak (Kobold Enchanter)              Turns: 2279, Time: 00:04:24

Health: 0/28       AC:  2    Str:  6    XL:     5   Next: 36%
Magic:  5/9        EV: 16    Int: 16    God:
Gold:   150        SH:  0    Dex: 17    Spells: 5/10 levels left

rFire   . . .      SeeInvis .   a - +1 dagger
rCold   . . .      Faith    .   (no shield)
rNeg    . . .      Spirit   .   b - +0 robe
rPois   .          Reflect  .   (no helmet)
rElec   .          Harm     .   (no cloak)
rCorr   .          Rampage  .   (no gloves)
Will    .....                   (no boots)
Stlth   ++++......              (no amulet)
HPRegen 0.09/turn               (no ring)
MPRegen 0.11/turn               (no ring)

@: invisible
A: small, no large weapons, nightstalker 3
a: no special abilities


You were on level 3 of the Dungeon.
You visited 1 branch of the dungeon, and saw 3 of its levels.

You collected 150 gold pieces.


Innate Abilities, Weirdness & Mutations

You are small and have problems with some larger weapons.
You are completely attuned to the shadows.


   Skills:
 - Level 1.3 Short Blades
 * Level 3.9 Dodging
 + Level 4.7 Stealth
 * Level 3.3 Spellcasting
 * Level 3.9 Hexes


You had 5 spell levels left.
You knew the following spells:

 Your Spells              Type           Power      Damage    Failure   Level
a - Ensorcelled Hibernat  Hex/Ice        16%        N/A       12%         2
b - Confusing Touch       Hex            15%        N/A       11%         3

Your spell library contained the following spells:

 Spells                   Type           Power      Damage    Failure   Level
 Tukima's Dance           Hex            15%        N/A       11%         3
 Dazzling Flash           Conj/Hex       16%        N/A       24%         3

Inventory:

Hand Weapons
 a - a +1 dagger (weapon)
 n - a +1 vorpal hand axe
Armour
 b - a +0 robe (worn)
Magical Staves
 f - a staff of air {!a}
Scrolls
 d - a scroll of noise {unknown}
 i - a scroll of magic mapping {unknown}
 k - a scroll of blinking {unknown}
 l - a scroll of brand weapon {unknown}
Potions
 c - 2 potions of invisibility
 e - a potion of haste {unknown}
 g - a potion of berserk rage {unknown}
 h - 2 potions of mutation {unknown}
 j - a potion of attraction {unknown}
 m - a potion of brilliance {unknown}

Dungeon Overview and Level Annotations

Branches:
Dungeon (3/15)

Altars:

##.###########.#
#.# #.# #.# #.#
#.# #.#### #.#
#..... #.#
#..... #.#######
#..... #.##.o...
..#.####
#.##@######.#.#
#.##.#.#..#.#.#
#.##.#....#.#.#
#.##.#.#......#
#.##.#.#......#
#.##.#..<.[.#.#
#)##.########.#
#..).# .# ######


You could see an orc (unable to see you).


Message History

The orc priest is moderately wounded.
The orc priest closely misses you.
You strike the helpless orc priest from behind!
You puncture the orc priest!
You kill the orc priest!
You have reached level 5!
You feel stronger.
Items here: ( ))) [ ††.
n - a +1 vorpal hand axe An orc wizard comes into view.
It is wielding a +0 dagger.
An orc comes into view. It is wielding a +0 trident.
The orc wizard barely misses you.
You hit the orc wizard.
The orc wizard is lightly wounded.
The orc shouts!
You hit the orc wizard.
The orc wizard is moderately wounded.
The orc wizard closely misses you.
You catch the helpless orc wizard completely off-guard!
You puncture the orc wizard!
You kill the orc wizard!
Things that are here:
a +0 dagger; a +0 robe; 13 gold pieces You barely miss the orc.
The orc shouts!
The orc barely misses you.
You hit the orc.
The orc is heavily wounded.
The orc hits you with a +0 trident.
You die...

Skill      XL: |  1  2  3  4 |
---------------+-------------+-----
Dodging        | 3 |  3.9
Spellcasting   | 3 |  3.3
Short Blades   | |  1.3
Stealth        | |  4.7
Hexes          | |  3.9

Action                   |  1- 3 |  4- 6 || total
-------------------------+-------+-------++-------
Melee: Dagger            |    62 |    22 ||    84
 Cast: Ensorcelled Hiber |     5 |     3 ||     8
  Use: Potion            |       |     1 ||     1
 Stab: Sleeping          |    18 |     3 ||    21
       Invisible         |       |     3 ||     3
Armor: Robe              |     4 |       ||     4
Dodge: Dodged            |    34 |    11 ||    45

Levels and vault maps discovered:
D:1:      spicycebolla_arrival_risky_transporter, layout_basic
D:2:      layout_basic
D:3:      layout_basic, grunt_temple_overflow_bloody_war, minmay_quadrilaterals,
          uniq_ijyb

Notes
Turn   | Place    | Note
-------+----------+-------------------------------------------
     0 | D:1      | kingofthe the Kobold Enchanter began the quest for the Orb.
     0 | D:1      | Reached XP level 1. HP: 10/10 MP: 3/3
   326 | D:1      | Reached XP level 2. HP: 15/15 MP: 5/5
   329 | D:1      | Learned a level 2 spell: Ensorcelled Hibernation
   879 | D:2      | Reached skill level 3 in Dodging
   904 | D:2      | Reached XP level 3. HP: 19/19 MP: 6/6
  2003 | D:2      | Reached XP level 4. HP: 24/24 MP: 8/8
  2006 | D:2      | Reached skill level 3 in Spellcasting
  2155 | D:2      | Learned a level 3 spell: Confusing Touch
  2264 | D:3      | Reached XP level 5. HP: 4/28 MP: 3/9
  2279 | D:3      | Slain by an orc

Vanquished Creatures
  An orc priest (D:3)
  An orc wizard (D:3)
  3 gnolls (D:2)
  An adder (D:2)
  A worm (D:2)
  A dart slug (D:2)
  2 orcs (D:3)
  An endoplasm (D:2)
  2 giant cockroaches (D:1)
  3 goblins
  3 hobgoblins (D:2)
  4 kobolds
  A quokka (D:2)
  2 ball pythons (D:1)
  4 bats
  2 frilled lizards
  3 rats
35 creatures vanquished.

Table legend: (Time is in decaauts)
 A = Elapsed time spent in this place.
 B = Non-inter-level travel time spent in this place.
 C = Inter-level travel time spent in this place.
 D = Time resting spent in this place.
 E = Time spent auto-exploring this place.
 F = Levels seen in this place.
 G = Mean time per level.
                   A        B        C        D        E       F      G
               +--------+--------+--------+--------+--------+-----+--------+
         Total |   2273 |   2206 |     67 |    256 |   1669 |   3 |  757.7 |
       Dungeon |   2273 |   2206 |     67 |    256 |   1669 |   3 |  757.7 |
               +--------+--------+--------+--------+--------+-----+--------+

Top non-repeatable levels by time:
     D:2: 1439 daAuts
     D:1: 753 daAuts
     D:3: 80 daAuts

Table legend:
 A = Non-vault XP
 B = Vault XP
 C = Vault XP percentage of total XP
 D = Non-vault monster count
 E = Vault monster count
 F = Vault count percentage of total count
                 A         B        C        D         E       F
            +---------+---------+-------+---------+---------+-------
      Total |     186 |       0 |   0.0 |      35 |       0 |   0.0
            +---------+---------+-------+---------+---------+-------
        D:1 |      20 |       0 |   0.0 |      13 |       0 |   0.0
        D:2 |      84 |       0 |   0.0 |      18 |       0 |   0.0
        D:3 |      82 |       0 |   0.0 |       4 |       0 |   0.0
            +---------+---------+-------+---------+---------+-------
